Map: Rhoskallian LE

Players

Massa - Winner!

  • Race: Terran Terran
  • League: Platinum
  • Spawn Location: 11:00

qqq - Winner!

  • Race: Zerg Zerg
  • Spawn Location: 12:00

cainz

  • Race: Zerg Zerg
  • Spawn Location: 5:00

jraynor

  • Race: Zerg Zerg
  • Spawn Location: 6:00

VOD

Have the link to the VOD?

Description

Time

  • Played on: Oct. 5, 2020, 5:08 p.m.
  • Length: 15:54
Show
View Real Time Build Order
Export as new Build Order

Massa Terran - Winner!

Build Orders:  

Get SALT Encoding   

  12  0:00  SCV  
  13  0:12  SCV  
  14  0:22  Supply Depot  
  14  0:24  SCV  
  15  0:35  Refinery  
  15  0:44  SCV  
  15  0:45  Barracks  
  16  0:56  SCV  
  17  1:08  SCV  
  18  1:16  Barracks  
  18  1:20  SCV  
  19  1:32  SCV, Reaper  
  21  1:35  Supply Depot  
  21  1:44  Orbital Command  
  21  2:03  Reaper  
  21  2:04  Reaper  
  23  2:12  SCV  
  24  2:22  Command Center  
  24  2:33  SCV  
  24  2:35  Marine  
  26  2:42  Barracks Tech Lab  
  26  2:45  SCV  
  27  2:53  Marine  
  28  3:11  Marine  
  26  3:23  Marauder  
  26  3:25  SCV  
  29  3:33  Factory  
  29  3:38  SCV  
  30  3:44  Marauder  
  30  3:45  Stimpack  
  30  3:46  Marine, Supply Depot  
  33  3:50  SCV  
  33  3:51  Refinery  
  33  3:53  Orbital Command  
  34  3:56  Refinery  
  34  4:01  Refinery  
  34  4:02  SCV  
  35  4:12  Barracks Tech Lab  
  35  4:14  SCV  
  35  4:15  Command Center  
  36  4:19  SCV  
  37  4:26  SCV  
  37  4:30  Marauder  
  37  4:31  SCV  
  33  4:32  Marauder  
  38  4:38  SCV  
  38  4:45  Factory Tech Lab  
  36  4:46  Bunker  
  36  4:49  SCV  
  36  4:50  SCV  
  36  4:51  Marauder  
  40  4:53  Marauder  
  42  5:01  SCV  
  42  5:05  Siege Tank  
  46  5:13  Marauder  
  47  5:14  Marauder  
  42  5:29  Orbital Command  
  39  5:37  SCV x2  
  38  5:48  Bunker  
  38  5:49  SCV  
  40  5:50  SCV  
  40  5:55  Engineering Bay  
  40  5:58  Starport  
  40  6:01  SCV  
  40  6:02  SCV  
  43  6:04  SCV  
  43  6:13  SCV  
  43  6:14  SCV  
  43  6:16  SCV  
  43  6:17  Marauder  
  48  6:25  SCV  
  49  6:26  SCV  
  49  6:28  SCV  
  49  6:30  Missile Turret  
  51  6:37  SCV  
  51  6:38  SCV  
  53  6:47  SCV  
  53  6:49  SCV, Bunker, Sensor Tower  
  53  6:50  SCV  
  53  6:51  Starport Tech Lab  
  56  6:55  Barracks  
  56  6:57  Siege Tank  
  56  6:59  SCV  
  60  7:01  SCV  
  60  7:02  SCV  
  62  7:11  SCV  
  62  7:13  Concussive Shells  
  62  7:14  SCV  
  62  7:15  Combat Shield  
  64  7:29  Siege Tank  
  67  7:37  Marauder  
  67  7:40  Orbital Command  
  69  7:49  Supply Depot x3  
  69  7:52  Cloaking Field  
  69  8:10  Banshee, SCV x3  
  69  8:11  Marauder x2  
  79  8:13  Barracks Reactor, Missile Turret x2  
  79  8:14  Supply Depot  
  79  8:16  Siege Tank  
  82  8:22  SCV x3  
  85  8:32  Marauder x2  
  85  8:34  Missile Turret  
  89  8:35  SCV x3  
  89  8:40  Refinery  
  92  8:44  Refinery  
  92  8:47  SCV  
  92  8:48  Missile Turret  
  93  8:49  Marine x2  
  93  8:53  Marauder x2  
  99  8:58  Barracks  
  99  8:59  Missile Turret  
  99  9:00  Missile Turret  
  99  9:06  Marine, Supply Depot  
  99  9:08  Missile Turret  
  100  9:11  Command Center  
  100  9:14  Marine  
  101  9:27  Banshee  
  101  9:28  Marauder, Missile Turret  
  101  9:31  Supply Depot  
  106  9:32  Marine  
  107  9:39  Marine x2  
  109  9:52  Marauder x2, Siege Tank  
  116  9:54  Supply Depot  
  116  9:57  Marine  
  117  10:12  Marine  
  117  10:15  Marine  
  117  10:16  Marauder x2  
  117  10:17  Supply Depot  
  122  10:24  Siege Tank  
  125  10:30  Marine  
  125  10:33  Marine  
  99  10:37  Marauder, Marine  
  100  10:48  Marine  
  101  10:51  Marine  
  101  10:55  Marauder  
  101  10:56  Siege Tank  
  107  10:58  Marine  
  98  11:06  Marine  
  98  11:09  Marine  
  97  11:16  Marauder x2  
  101  11:24  Marine  
  102  11:26  Marine  
  102  11:28  Siege Tank  
  102  11:29  Supply Depot  
  102  11:30  Supply Depot x2  
  106  11:36  Terran Infantry Weapons Level 1  
  106  11:38  Marauder x2  
  106  11:39  Banshee  
  113  11:41  Marine, Engineering Bay  
  113  11:44  Armory, Marine  
  115  11:47  Armory  
  115  11:52  Supply Depot  
  115  11:55  Supply Depot  
  115  11:56  Supply Depot  
  115  11:59  Marauder x2, Marine  
  103  12:16  Marine  
  103  12:17  Marine  
  103  12:20  Marauder x2  
  103  12:22  Banshee  
  112  12:25  Barracks Reactor  
  112  12:33  Marine  
  112  12:35  SCV, Marine  
  112  12:36  SCV x2, Barracks  
  117  12:37  Barracks  
  117  12:38  Barracks  
  117  12:42  Marauder x2  
  120  12:47  SCV  
  120  12:48  SCV x2  
  113  12:51  Marine  
  113  12:53  Marine  
  101  13:00  SCV x3  
  101  13:03  Marauder x2  
  102  13:12  SCV x2, Marine  
  96  13:13  Marine x3  
  96  13:14  Banshee  
  96  13:18  Thor  
  109  13:22  Planetary Fortress  
  109  13:24  SCV x3  
  109  13:25  Marauder x2  
  116  13:31  Terran Infantry Armor Level 1  
  116  13:32  Terran Infantry Weapons Level 2  
  116  13:36  SCV x3, Terran Vehicle And Ship Armor Level 1, Terran Vehicle Weapons Level 1  
  116  13:39  Hyperflight Rotors  
  116  13:40  Smart Servos  
  119  13:46  Marauder  
  119  13:48  SCV x2, Factory  
  123  13:52  Factory  
  123  13:57  Banshee  
  123  13:58  Starport  
  123  14:00  Starport x2  
  123  14:01  Thor  
  132  14:08  Barracks Tech Lab x2  
  132  14:09  Barracks Tech Lab  
  132  14:23  Command Center  
  132  14:39  Banshee, Marauder x5  
  132  14:40  Marine  
  132  14:41  Marine x3  
  149  14:47  Starport Tech Lab, Starport Reactor x2  
  149  14:58  Marine  
  149  14:59  Marine x3  
  153  15:00  Marauder x3  
  153  15:01  Marauder x2  
  153  15:05  Banshee  
  166  15:16  Marine x4  
  170  15:21  Marauder x2  
  170  15:22  Marauder x3  
  183  15:34  Marine x4  
Show
View Real Time Build Order
Export as new Build Order

qqq Zerg - Winner!

Build Orders: Hatch First 

Get SALT Encoding   

  12  0:01  Drone  
  13  0:08  Drone  
  14  0:37  Hatchery  
  13  0:44  Drone  
  14  1:04  Spawning Pool, Overlord  
  13  1:07  Drone  
  14  1:12  Extractor  
  14  1:18  Drone  
  14  1:26  Drone  
  14  1:32  Drone  
  16  1:37  Drone  
  17  1:48  Drone  
  17  1:50  Drone  
  19  1:55  Queen  
  21  2:05  Queen  
  23  2:22  Roach Warren  
  23  2:25  Drone x2  
  24  2:31  Overlord  
  24  2:34  Extractor  
  23  2:45  Lair  
  23  2:48  Drone  
  24  2:55  Drone  
  24  2:56  Drone  
  26  3:02  Drone  
  26  3:04  Drone  
  28  3:10  Drone  
  28  3:12  Drone  
  30  3:13  Drone  
  31  3:21  Overlord  
  31  3:24  Drone  
  31  3:27  Drone  
  33  3:36  Roach  
  33  3:38  Overlord  
  35  3:46  Roach x2  
  35  3:47  Drone x2  
  41  3:57  Drone x2  
  41  3:58  Roach  
  41  4:00  Glial Reconstitution  
  41  4:02  Drone  
  46  4:04  Drone  
  46  4:07  Roach  
  49  4:12  Pneumatized Carapace  
  49  4:14  Overseer  
  51  4:17  Roach  
  51  4:21  Spore Crawler  
  51  4:22  Drone  
  51  4:31  Roach  
  39  4:43  Drone x2  
  39  4:44  Drone x3  
  44  4:46  Roach  
  44  4:49  Ravager  
  44  4:50  Ravager x2  
  39  5:19  Drone x3  
  42  5:27  Queen  
  44  5:33  Roach x2  
  44  5:34  Roach  
  50  5:53  Drone  
  50  5:54  Drone  
  52  6:07  Overlord x3  
  52  6:08  Overlord x2  
  52  6:42  Drone x5  
  52  6:43  Drone x3  
  60  7:09  Drone x2  
  60  7:11  Extractor  
  60  7:12  Extractor  
  60  7:13  Ravager x3  
  67  7:15  Roach x2  
  67  7:16  Roach  
  69  7:24  Drone  
  69  7:25  Queen  
  72  7:40  Drone x2  
  72  7:43  Roach x4  
  82  7:49  Spore Crawler  
  81  8:19  Hatchery  
  80  8:20  Roach x5  
  80  8:21  Roach  
  80  8:23  Overlord x2  
  92  8:31  Hatchery  
  91  8:36  Drone  
  91  8:38  Spire  
  92  8:41  Drone x2  
  92  8:46  Drone x2  
  95  8:48  Hatchery  
  95  8:53  Ravager x4  
  98  9:00  Roach x4  
  98  9:01  Roach  
  108  9:11  Hydralisk Den  
  108  9:12  Drone  
  108  9:14  Spore Crawler  
  104  9:38  Drone  
  105  9:49  Mutalisk x4  
  105  9:50  Mutalisk  
  105  9:51  Drone x2  
  117  10:02  Hatchery  
  116  10:12  Mutalisk x2, Zerg Flyer Weapons Level 1  
  114  10:39  Mutalisk  
  114  10:40  Mutalisk x2  
  114  10:41  Drone x2  
  114  10:42  Drone x4  
  74  10:50  Mutalisk  
  74  10:52  Drone x3  
  75  11:00  Mutalisk  
  77  11:08  Mutalisk, Roach  
  81  11:24  Drone x2  
  81  11:25  Drone x8  
  86  11:26  Mutalisk, Overlord x3  
  86  11:37  Spine Crawler x2  
  81  11:40  Spine Crawler  
  81  11:41  Spine Crawler x2  
  81  11:43  Spine Crawler  
  81  11:44  Spine Crawler  
  74  11:49  Mutalisk x3  
  74  11:51  Drone x4  
  80  12:05  Hatchery  
  79  12:13  Mutalisk x3  
  85  12:16  Drone  
  85  12:18  Drone  
  77  12:35  Mutalisk x2  
  81  12:37  Drone x4  
  81  12:38  Drone x2  
  87  13:14  Drone x3  
  87  13:15  Drone x3, Mutalisk x3  
  87  13:16  Mutalisk  
  101  13:28  Drone x3, Mutalisk x2  
  101  13:30  Zergling x4  
  101  13:34  Extractor, Spine Crawler  
  109  13:35  Extractor  
  107  13:48  Extractor, Drone x2  
  106  13:49  Drone x4, Mutalisk  
  106  13:54  Zerg Flyer Armor Level 1  
  106  13:55  Hatchery  
  113  13:59  Drone x3, Hatchery  
  113  14:00  Mutalisk  
  117  14:22  Mutalisk x2  
  117  14:24  Zergling x8  
  123  14:25  Drone x2  
  125  14:46  Roach x4  
  125  14:47  Roach x3  
  125  14:48  Drone, Roach  
  125  14:52  Overlord x4  
  142  15:04  Extractor  
  141  15:09  Extractor, Mutalisk x4  
  141  15:11  Drone x5  
  147  15:36  Zergling x8  
  147  15:37  Zergling x4  
Show
View Real Time Build Order
Export as new Build Order

cainz Zerg 

Build Orders: Hatch First 

Get SALT Encoding   

  12  0:01  Drone  
  13  0:08  Drone  
  14  0:21  Extractor x2  
  14  0:22  Drone  
  14  0:23  Drone  
  16  0:28  Overlord  
  16  0:53  Drone, Hatchery  
  16  0:57  Drone  
  16  1:00  Drone  
  18  1:11  Extractor  
  17  1:16  Spawning Pool  
  16  1:19  Drone  
  16  1:23  Drone  
  18  1:27  Drone  
  19  1:37  Drone  
  20  1:48  Drone  
  21  1:59  Drone  
  22  2:05  Drone  
  22  2:08  Queen x2  
  23  2:13  Metabolic Boost  
  23  2:14  Overlord  
  27  2:25  Drone  
  28  2:30  Spine Crawler  
  28  2:35  Spine Crawler  
  28  2:36  Drone  
  27  2:39  Drone x2  
  27  2:41  Drone  
  30  2:50  Queen  
  32  2:58  Lair  
  32  3:02  Overlord  
  32  3:34  Zergling x12  
  34  3:35  Zergling x12  
  44  3:45  Overlord  
  44  3:51  Spore Crawler  
  43  3:56  Spore Crawler  
  43  3:58  Spore Crawler  
  41  4:06  Spore Crawler  
  41  4:07  Spore Crawler x2  
  38  4:13  Drone  
  38  4:14  Drone x2  
  38  4:16  Extractor  
  40  4:17  Drone x3  
  40  4:18  Drone  
  38  4:48  Queen  
  40  4:53  Infestation Pit  
  39  5:00  Overlord x3  
  39  5:01  Overlord  
  39  5:03  Drone  
  39  5:04  Drone x3  
  43  5:21  Zergling x8  
  43  5:22  Zergling x8  
  45  5:55  Overlord  
  45  5:58  Hive  
  45  6:07  Extractor x2  
  45  6:10  Drone x2, Evolution Chamber  
  45  6:11  Drone x6, Evolution Chamber x2  
  40  6:51  Drone x3  
  40  6:53  Drone  
  44  6:55  Drone  
  44  6:56  Drone x3  
  44  6:58  Drone  
  49  7:03  Zerg Missile Weapons Level 1, Zerg Ground Armor Level 1  
  49  7:04  Zerg Melee Weapons Level 1  
  49  7:17  Drone  
  49  7:19  Drone  
  49  7:20  Drone  
  52  7:33  Overlord x2  
  52  7:34  Overlord x6  
  52  7:36  Adrenal Glands  
  52  8:06  Drone  
  53  8:14  Hatchery  
  53  8:19  Ultralisk Cavern  
  51  8:33  Zergling x14  
  51  8:34  Zergling x12  
  64  9:01  Zerg Ground Armor Level 2, Zerg Melee Weapons Level 2, Zerg Missile Weapons Level 2  
  64  9:09  Roach Warren, Chitinous Plating  
  75  9:45  Ultralisk x2  
  75  9:48  Zergling x12  
  75  9:49  Zergling x4  
  75  9:50  Zergling x6  
  75  9:51  Glial Reconstitution  
  86  9:54  Roach x2  
  83  10:27  Anabolic Synthesis  
  74  10:36  Zergling x4, Ultralisk x2  
  74  10:37  Zergling x10  
  68  10:50  Zergling x8  
  68  10:51  Zergling x4  
  70  11:03  Queen  
  70  11:04  Queen  
  72  11:21  Hatchery  
  71  11:32  Ultralisk  
  83  11:33  Zergling x8, Ultralisk x2  
  69  12:34  Drone x3  
  69  12:35  Drone x5  
  74  12:52  Zerg Missile Weapons Level 3, Zerg Ground Armor Level 3  
  74  12:53  Zerg Melee Weapons Level 3  
  52  13:22  Spore Crawler  
  48  13:31  Ultralisk x3  
  66  13:39  Zergling x8  
  66  13:40  Zergling x2, Ultralisk  
  77  14:12  Hatchery  
  73  14:44  Queen x2  
Show
View Real Time Build Order
Export as new Build Order

jraynor Zerg 

Build Orders: Pool First, Roach Nydus 

Get SALT Encoding   

  12  0:19  Spawning Pool  
  11  0:24  Drone  
  11  0:27  Drone  
  13  0:32  Drone  
  14  0:36  Extractor  
  13  0:44  Overlord  
  13  0:49  Drone  
  14  1:09  Roach Warren  
  13  1:13  Overlord  
  13  1:15  Drone  
  14  1:22  Extractor  
  13  1:32  Queen  
  15  1:39  Drone  
  16  1:43  Drone  
  17  1:48  Drone  
  18  1:58  Roach  
  20  2:06  Overlord  
  20  2:26  Roach x2  
  24  2:34  Lair  
  24  2:43  Roach  
  26  2:47  Roach  
  28  2:53  Roach  
  29  3:14  Roach x2  
  29  3:19  Roach  
  35  3:27  Overlord  
  35  3:47  Nydus Network  
  34  3:52  Roach  
  36  4:00  Roach  
  38  4:11  Overlord  
  38  4:32  Nydus Canal  
  38  4:36  Drone x2  
  41  4:38  Drone  
  41  4:43  Drone  
  36  5:22  Roach x5  
  46  5:32  Nydus Canal  
  46  5:41  Overlord x2  
  46  5:53  Nydus Canal  
  46  5:59  Overlord  
  46  6:08  Nydus Canal  
  46  6:10  Overseer  
  46  6:13  Drone  
  46  6:16  Drone  
  48  6:35  Nydus Canal  
  48  6:46  Drone x2  
  48  6:47  Drone, Infestation Pit  
  50  7:05  Drone x3  
  53  7:10  Spore Crawler  
  52  7:16  Overseer x2  
  52  7:19  Burrow  
  55  7:41  Swarm Host  
  61  7:51  Nydus Canal  
  61  8:20  Overseer  
  61  8:27  Hatchery  
  60  8:40  Hydralisk Den  
  60  8:41  Swarm Host x2  
  68  8:49  Nydus Canal  
  68  8:57  Roach  
  70  9:14  Extractor  
  69  9:40  Overlord x3  
  69  9:41  Lurker Den  
  69  9:45  Overlord  
  68  9:48  Grooved Spines  
  66  10:13  Queen  
  52  10:36  Spore Crawler  
  48  10:53  Hydralisk x2  
  49  11:01  Nydus Canal  
  45  11:32  Queen  
  41  11:41  Spore Crawler  
  41  11:44  Spore Crawler  
  39  11:51  Drone x2  
  41  12:08  Queen  
  39  12:37  Spore Crawler  
  39  12:40  Spore Crawler  
  39  12:43  Queen  
  25  13:10  Spore Crawler  
  24  13:16  Spore Crawler  
  24  13:19  Queen  
  25  13:30  Drone x2  
  27  13:55  Queen  
  29  14:31  Queen  
  31  14:54  Hydralisk x4  
  31  14:57  Hydralisk  
  41  15:06  Queen  
Tags
 
Add a new tag
Caveats
  • Supply blocks, unpowered buildings, or Contaminate may cause inaccurate times.
  • Supply counts are checked every 10 seconds.